 Dungeon Crawl Stone Soup version 0.20.1-1-g8b1a95d (webtiles) character file.

175 letownia2 the Grave Robber (level 5, -7/42 HPs)
             Began as a Deep Dwarf Necromancer on Nov 28, 2017.
             Mangled by WiZmei's ghost (14 damage)
             ... on level 4 of the Dungeon.
             The game lasted 00:03:40 (1247 turns).

letownia2 the Grave Robber (Deep Dwarf Necromancer) Turns: 1247, Time: 00:03:40

Health: -7/42      AC:  5    Str: 12    XL:     5   Next: 29%
Magic:  7/8        EV: 11    Int: 16    God:
Gold:   114        SH:  0    Dex: 13    Spells: 4/8 levels left

rFire    + . .     SeeInvis .   a - +2 dagger (venom)
rCold    . . .     Gourm    .   (no shield)
rNeg     . . .     Faith    .   j - +0 ring mail
rPois    .         Spirit   .   (no helmet)
rElec    .         Reflect  .   (no cloak)
rCorr    .         Harm     .   (no gloves)
MR       .....                  (no boots)
Stlth    +.........             (no amulet)
Regen    0.0/turn               h - ring of protection from fire
MPRegen  0.2/turn               (no ring)

@: non-regenerating
A: damage resistance, heal wounds, sense surroundings 1, no regeneration
a: Heal Wounds


You were on level 4 of the Dungeon.
You were not hungry.

You visited 1 branch of the dungeon, and saw 5 of its levels.

You collected 114 gold pieces.

Inventory:

Hand Weapons
 a - a +2 dagger of venom (weapon)
 d - a +0 short sword
 k - a +0 hand axe
Armour
 g - a +0 robe
 j - a +0 ring mail (worn)
Jewellery
 h - a ring of protection from fire (left hand)
 m - an uncursed ring of ice {unknown}
Scrolls
 n - a scroll of amnesia {unknown}
Potions
 e - a potion of cancellation {unknown}
 f - a potion of brilliance {unknown}
 o - a potion of curing {unknown}
Books
 b - a book of Necromancy

   Spells                             Type                      Level
   a - Pain                           Necromancy                   1
   b - Animate Skeleton               Necromancy                   1
   c - Vampiric Draining              Necromancy                   3
   d - Regeneration                   Charms/Necromancy            3
   e - Animate Dead                   Necromancy                   4
   f - Control Undead                 Necromancy                   4
Comestibles
 c - 2 bread rations
 i - a chunk of flesh
 l - a royal jelly


   Skills:
 - Level 2.1 Dodging
 - Level 2.4 Stealth
 + Level 2.1 Spellcasting
 + Level 7.1 Necromancy


You had 4 spell levels left.
You knew the following spells:

 Your Spells              Type           Power        Failure   Level  Hunger
a - Pain                  Necr           ###.         2%          1    #......
v - Vampiric Draining     Necr           ###.......   8%          3    ###....


Dungeon Overview and Level Annotations

Branches:
Dungeon (5/15)
 Temple: D:4-7

Altars:

Annotations:
D:4 WiZmei's ghost, amateur MiBe


Innate Abilities, Weirdness & Mutations

You are resistant to damage.
You can heal yourself by infusing magical energy.
You passively map a small area around you.
You do not regenerate.


Message History

i - 3 chunks of flesh (gained 1)
You start resting.
Eating one of 3 chunks of flesh.
You eat one of the 3 chunks of flesh.
This raw flesh tastes terrible.
You are no longer poisoned.
Unknown command.
You start resting.
Your magical contamination has completely faded away.
Unknown command.
Things that are here:
a scale mail; an orc corpse WiZmei's ghost turns its malevolent gaze towards you.
Some of the chunks of flesh in your inventory have rotted away.
WiZmei's ghost is too close now for your liking.
WiZmei's ghost is nearby!
WiZmei's ghost is nearby!
WiZmei's ghost hits you!
* * * LOW HITPOINT WARNING * * *
There is an escape hatch in the ceiling here.
WiZmei's ghost hits you!
You die...

, ,, , , ..(.... ,
,..........## , ....W..
...............# .......
,...............##
.......
................#
....... #..............#
.......
.#...%..........##
?......
.................#
,,.......
*#.............W@.#,
,,.......
#..............###..* ,
#.............####.# , *
............### #..# *
.[.........## ##.#####
.......##...####......##
..#####*###............#
# * #.......>.....#
##.............#


You could see WiZmei's ghost.

Vanquished Creatures
  A bullfrog (D:4)
  2 worker ants
  A hound skeleton (D:4)
  3 adders
  A leopard gecko (D:3)
  3 orcs (D:4)
  3 goblins (D:3)
  2 hobgoblins (D:3)
  A kobold (D:2)
  3 bats
  3 frilled lizards
  A quokka skeleton (D:4)
  A rat (D:2)
25 creatures vanquished.

Notes
Turn   | Place    | Note
-------+----------+-------------------------------------------
     0 | D:1      | letownia2 the Deep Dwarf Necromancer began the quest for the Orb.
     0 | D:1      | Reached XP level 1. HP: 15/15 MP: 3/3
   268 | D:3      | Reached XP level 2. HP: 20/22 MP: 1/5
   479 | D:4      | Reached skill level 5 in Necromancy
   537 | D:5      | Entered Level 5 of the Dungeon
   537 | D:5      | Noticed a bullfrog
   537 | D:5      | Noticed an ice beast
   539 | D:5      | Noticed a water moccasin
   549 | D:4      | Killed a bullfrog
   549 | D:4      | Reached skill level 6 in Necromancy
   549 | D:4      | Reached XP level 3. HP: 10/28 MP: 0/6
   549 | D:4      | Reached XP level 4. HP: 13/36 MP: 0/7
   557 | D:4      | Learned a level 3 spell: Vampiric Draining
   616 | D:4      | Noticed WiZmei's ghost (amateur MiBe)
  1089 | D:4      | Reached XP level 5. HP: 20/42 MP: 8/8
  1199 | D:4      | Reached skill level 7 in Necromancy
  1247 | D:4      | Mangled by WiZmei's ghost

Skill      XL: |  1  2  3  4  5 |
---------------+----------------+-----
Spellcasting   | 2 |  2.1
Necromancy     | 6 7 |  7.1
Dodging        | |  2.1
Stealth        | |  2.4

Action                   |  1- 3 |  4- 6 || total
-------------------------+-------+-------++-------
Melee: Short sword       |     4 |       ||     4
       Dagger            |     9 |    29 ||    38
 Cast: Pain              |    25 |       ||    25
       Vampiric Draining |       |     9 ||     9
 Stab: Sleeping          |     1 |       ||     1
  Eat: Chunk             |       |     3 ||     3
Armor: Robe              |     2 |       ||     2
       Ring mail         |     1 |    16 ||    17
Dodge: Dodged            |    14 |    22 ||    36
